 Dungeon Crawl Stone Soup version 0.19-a0-687-g35db334 (webtiles) character file.

15352 weirdsound the Reanimator (level 12, -14/91 HPs)
             Began as a Mummy Necromancer on June 19, 2016.
             Was an Initiate of Gozag.
             Killed from afar by a lindwurm (33 damage)
             ... with a blast of flame
             ... on level 3 of the Lair of Beasts.
             The game lasted 01:50:00 (20601 turns).

weirdsound the Reanimator (Mummy Necromancer)      Turns: 20601, Time: 01:50:01

Health: -14/91     AC: 11    Str: 20    XL:     12   Next: 0%
Magic:  18/21      EV: 15    Int: 19    God:    Gozag
Gold:   747        SH:  2    Dex: 13    Spells: 4 memorised, 9 levels left

rFire  x . .     SeeInvis .     A - +1 lajatang (elec)
rCold  + . .     Gourm    .     G - +2 leather armour of Emad Hie {rPois Str+9}
rNeg   + + +     Faith    .     (shield currently unavailable)
rPois  ∞         Spirit   .     (no helmet)
rElec  .         Dismiss  .     e - +2 cloak
rCorr  .         Reflect  +     L - +2 pair of gloves of the Moon {Regen+ Stlth+}
SustAt .         Harm     .     (no boots)
MR     +....                    r - +2 amulet of reflection
Stlth  ++........               (no ring)
                                l - ring of stealth

@: death channel, very slightly contaminated, somewhat resistant to hostile
enchantments, unstealthy
A: no food or potions, fire vulnerability, cold resistance 1, negative energy
resistance 3, torment resistance, unbreathing
a: Potion Petition, Call Merchant, Bribe Branch, Renounce Religion


You were on level 3 of the Lair of Beasts.
You worshipped Gozag.
Gozag was noncommittal.
You were not hungry.

You visited 2 branches of the dungeon, and saw 14 of its levels.
You also visited: Ossuary.

You collected 3180 gold pieces.
You spent 1032 gold pieces at shops.
You paid 1401 gold pieces to Gozag.

Inventory:

Hand Weapons
 t - a +1 flail of venom
 w - a +2 dagger of electrocution
 y - a +1 quarterstaff of protection
 A - a +1 lajatang of electrocution (weapon)
 F - the +4 hand crossbow of Eternal Vigilance {velocity, rF- rC++ Int+4 Dex+3}
   (You bought it in a shop on level 7 of the Dungeon)

   Any bolt fired from it inflicts extra damage.
   It affects your intelligence (+4).
   It affects your dexterity (+3).
   It makes you vulnerable to fire.
   It greatly protects you from cold.
Missiles
 n - 228 stones (quivered)
 D - 75 bolts
Armour
 e - a +2 cloak (worn)
 f - a +3 leather armour
 p - the +0 helmet of Duty {rPois rC- Str+9 Int-5}
   (You took it off Robin on level 4 of the Dungeon)

   It affects your strength (+9).
   It affects your intelligence (-5).
   It makes you vulnerable to cold.
   It protects you from poison.
 G - the +2 leather armour of Emad Hie (worn) {rPois Str+9}
   (You found it on level 9 of the Dungeon)

   It affects your strength (+9).
   It protects you from poison.
 L - the +2 pair of gloves of the Moon (worn) {Regen+ Stlth+}
   (You bought it in a shop on level 2 of the Lair of Beasts)

   It increases your rate of regeneration.
   It makes you more stealthy.
Magical Staves
 a - an uncursed staff of power
Jewellery
 i - an uncursed ring of poison resistance {unknown}
 l - a ring of stealth (left hand)
 r - a +2 amulet of reflection (around neck)
 H - an uncursed amulet of regeneration {unknown}
Wands
 g - a wand of slowing (8/48)
 o - a wand of heal wounds (6/9)
 u - a wand of digging (10/24)
 x - a wand of random effects (26/48)
 C - a wand of acid (5/15)
 J - a wand of enslavement (17/24)
 K - a wand of paralysis (13/24)
 N - a wand of random effects (28/48)
 O - a wand of slowing (23/48)
Scrolls
 c - 6 scrolls of enchant weapon
 d - 3 scrolls of recharging
 h - 4 scrolls of amnesia
 j - 3 scrolls of fog
 k - 5 scrolls of identify
 m - 7 scrolls of teleportation {unknown}
 q - 5 scrolls of noise {unknown}
 s - a scroll of magic mapping {unknown}
 v - a scroll of torment {unknown}
 E - a scroll of acquirement {unknown}
 I - a scroll of fear
 M - a scroll of remove curse
 P - a scroll of silence {unknown}
Books
 b - a book of Necromancy

   Spells                             Type                      Level
   a - Pain                           Necromancy                   1
   b - Animate Skeleton               Necromancy                   1
   c - Vampiric Draining              Necromancy                   3
   d - Regeneration                   Charms/Necromancy            3
   e - Animate Dead                   Necromancy                   4
   f - Control Undead                 Necromancy                   4
 z - a book of Unlife

   Spells                             Type                      Level
   a - Recall                         Summoning/Translocation      3
   b - Animate Dead                   Necromancy                   4
   c - Control Undead                 Necromancy                   4
   d - Cigotuvi's Embrace             Necromancy                   5
   e - Death Channel                  Necromancy                   6
   f - Simulacrum                     Ice/Necromancy               6


   Skills:
 - Level 7.0 Fighting
 * Level 5.3 Staves
 - Level 7.1 Crossbows
 - Level 6.1 Dodging
 - Level 1.5 Stealth
 - Level 6.0 Spellcasting
 - Level 12.0 Necromancy


You had 9 spell levels left.
You knew the following spells:

 Your Spells              Type           Power        Failure   Level  Hunger
a - Pain                  Necr           ####         1%          1    N/A
b - Control Undead        Necr           ######....   1%          4    N/A
c - Vampiric Draining     Necr           ######....   1%          3    N/A
d - Death Channel         Necr           ######....   14%         6    N/A

Dungeon Overview and Level Annotations

Branches:
Dungeon (10/15)            Temple (0/1) D:7            Lair (4/6) D:9
 Spider (0/4) Lair:3
  Swamp: Lair:2-4    Shoals: Lair:2-4       Orc: D:9-12

Altars:
Ashenzari
Cheibriados
Dithmenos
Elyvilon
Gozag
Hepliaklqana
Nemelex Xobeh
Okawaru
Pakellas
Ru
Sif Muna
Trog
Uskayaw
Vehumet
Xom
Yredelemnul
The Shining One

Shops:
D:5 !   D:7 (   D:8 !   Lair:2 [

Annotations:
D:5 MetaCosm's ghost, novice FoFi
D:6 MetaCosm's ghost, novice FoFi
D:10 Erolcha
Lair:1 Gastronok


Innate Abilities, Weirdness & Mutations

You do not eat or drink.
Your flesh is vulnerable to fire.
You are immune to poison.
Your flesh is cold resistant. (rC+)
You are immune to negative energy. (rN+++)
You are immune to unholy pain and torment.
You can survive without breathing.


Message History

Your wand of heal wounds (0/9) glows for a moment and now has 6 charges.
The lindwurm breathes flames at you. The blast of flame hits you!
The fire burns you terribly!
The lindwurm is engulfed in a cloud of scalding steam.
The lindwurm breathes flames at you. The blast of flame hits you!
The fire burns you terribly!
Ouch! That really hurt!
* * * LOW HITPOINT WARNING * * *
Blink to where?
Press: ? - help, Dir - move target cursor Splash!
You are very lightly contaminated with residual magic.
As you read the scroll of blinking, it crumbles to dust.
As you read the scroll of fear, it crumbles to dust.
You assume a fearsome visage.
The lindwurm looks frightened!
Why would you want to do that? The lindwurm breathes flames at you.
The blast of flame hits you! The fire burns you terribly!
You die...
Your body crumbles into a pile of gold.

##### #############
#≈≈≈###≈≈≈≈##≈≈§≈≈≈
#≈≈≈##≈k≈≈≈≈##§k#≈§
#≈≈≈≈§≈≈.#≈≈k#≈≈##≈
#≈≈§§≈≈##.#≈≈≈≈## ≈
♣#≈@#############
♣.≈## ### ###♣
♣♣≈♣♣♣##♣♣#♣♣#♣###♣♣
..## ##..#♣
♣≈≈≈P≈≈≈♣≈≈♣♣≈≈≈≈≈.
#..# #....♣
♣≈≈≈≈≈≈≈≈≈≈≈≈≈≈≈≈≈.
#.## ##.P#♣
♣♣≈≈≈≈≈≈≈≈≈≈≈≈≈≈≈≈≈
#>## ##.##
♣♣♣♣≈P♣♣♣≈≈♣♣≈≈≈≈≈
#..# ###...##♣
♣♣♣♣♣♣♣♣♣♣≈≈≈≈≈ P.P#
#.......#♣
♣♣♣PP≈≈≈≈≈≈≈P


There were no monsters in sight!

Vanquished Creatures
  The ghost of Lich the Skirmisher, a novice TrFi (D:7)
  A hill giant (D:7)
  A griffon (Lair:2)
  2 elephants (Lair:3)
  2 spiny frogs
  A komodo dragon (Lair:3)
  A troll (D:8)
  A jumping spider (Lair:3)
  Prince Ribbit (D:5)
  3 blink frogs (Lair:2)
  Sigmund (D:3)
  2 wyverns
  5 yaks (Lair:3)
  A hog (D:7)
  A human (D:7)
  A hippogriff (Lair:1)
  Menkaure (D:7)
  Duvessa (D:6)
  Edmund (D:5)
  5 water moccasins
  5 porcupines
  6 orc warriors
  2 ice beasts
  A sky beast (D:7)
  A phantom (D:7)
  A black bear (D:9)
  5 ogres
  3 centaurs
  5 crocodiles
  2 elf zombies (D:4)
  Blork the orc (D:5)
  A big kobold (D:7)
  7 giant frogs
  3 elf skeletons (D:4)
  2 water moccasin zombies (D:8)
  Dowan (D:6)
  7 scorpions
  3 wights (D:9)
  An electric eel (Lair:3)
  2 howler monkeys
  7 crimson imps
  A giant frog zombie (D:8)
  2 jellies
  A centaur zombie (D:6)
  4 hounds
  2 giant frog skeletons
  3 orc priests
  Jessica (D:2)
  Natasha (thrice) (D:2)
  4 iguanas (Lair:1)
  11 orc wizards
  3 worker ants
  14 sheep
  A big kobold zombie (Ossuary)
  A hound zombie (D:6)
  A hound skeleton (D:3)
  3 mummies (Ossuary)
  A worker ant zombie (D:7)
  Robin (D:4)
  7 gnolls
  7 scorpion zombies (Ossuary)
  15 adders
  8 river rats
  5 shadow imps
  An adder zombie (D:9)
  3 worms
  2 dart slugs
  6 giant geckos
  39 orcs
  9 giant cockroaches
  2 gnoll zombies (Ossuary)
  22 goblins
  16 hobgoblins
  23 jackals
  19 kobolds
  6 quokkas
  9 bats
  5 giant newts
  A goblin zombie (Ossuary)
  3 hobgoblin zombies (Ossuary)
  4 orc zombies
  2 quokka zombies (D:7)
  9 rats
  A spectral orc (D:3)
  A fungus (D:9)
381 creatures vanquished.

Vanquished Creatures (collateral kills)
  A hydra (Lair:3)
  A black mamba (Lair:3)
  3 elephants (Lair:3)
  A komodo dragon (Lair:1)
  A rime drake (Lair:3)
  2 blink frogs (Lair:2)
  A two-headed ogre (D:9)
  A shadow (D:9)
  4 yaks (Lair:3)
  A hippogriff (Lair:2)
  4 water moccasins
  4 porcupines
  3 crocodiles
  3 giant frogs
  A scorpion (Ossuary)
  4 electric eels (Lair:3)
  A crimson imp (D:6)
  A gnoll shaman (D:7)
  2 orc wizards (D:5)
  2 human zombies (Ossuary)
  2 orc priests (D:5)
  2 iguanas
  2 worker ants
  A sheep (Lair:1)
  A big kobold zombie (Ossuary)
  2 gnolls (D:7)
  20 river rats
  A scorpion zombie (Ossuary)
  3 orcs
  A goblin (D:3)
  A bat (D:9)
  A rat (D:9)
  2 fungi (Lair:3)
  3 plants
83 creatures vanquished.

Vanquished Creatures (others)
  2 scorpions (Ossuary)
  A hobgoblin zombie (Ossuary)
  A plant (Lair:3)
  13 toadstools (Lair:3)
17 creatures vanquished.

Grand Total: 481 creatures vanquished

Notes
Turn   | Place    | Note
--------------------------------------------------------------
     0 | D:1      | weirdsound the Mummy Necromancer began the quest for the Orb.
     0 | D:1      | Reached XP level 1. HP: 13/13 MP: 3/3
   460 | D:1      | Reached XP level 2. HP: 19/19 MP: 0/5
   915 | D:1      | Reached skill level 5 in Necromancy
   915 | D:1      | Reached XP level 3. HP: 24/24 MP: 3/6
  1576 | D:2      | Noticed Natasha
  1777 | D:2      | Reached XP level 4. HP: 30/30 MP: 2/7
  1869 | D:2      | Killed Natasha
  2095 | D:2      | Found a glowing golden altar of the Shining One.
  2095 | D:2      | Found a bloodstained altar of Trog.
  2095 | D:2      | Found a sacrificial altar of Ru.
  2139 | D:2      | Reached skill level 6 in Necromancy
  2220 | D:2      | Noticed Natasha
  2229 | D:2      | Killed Natasha
  2260 | D:2      | Found a sparkling altar of Nemelex Xobeh.
  2272 | D:2      | Noticed Natasha
  2277 | D:2      | Killed Natasha
  2277 | D:2      | Reached XP level 5. HP: 32/35 MP: 3/8
  2399 | D:2      | Found a shattered altar of Ashenzari.
  2501 | D:2      | Noticed Jessica
  2515 | D:2      | Killed Jessica
  2667 | D:3      | Learned a level 4 spell: Control Undead
  2671 | D:3      | Learned a level 3 spell: Vampiric Draining
  3106 | D:3      | Reached skill level 7 in Necromancy
  3133 | D:3      | Reached skill level 1 in Fighting
  3283 | D:3      | Found a basalt altar of Yredelemnul.
  3382 | D:3      | Noticed Sigmund
  3388 | D:3      | Killed Sigmund
  3388 | D:3      | Reached XP level 6. HP: 47/47 MP: 2/9
  3673 | D:4      | Noticed Robin
  3791 | D:4      | Killed Robin
  3919 | D:4      | Found a shadowy altar of Dithmenos.
  4013 | D:4      | Reached XP level 7. HP: 44/55 MP: 10/10
  4068 | D:4      | Got a faintly glowing helmet
  4078 | D:3      | Identified the cursed +0 helmet of Duty {rPois rC- Str+9 Int-5} (You took it off Robin on level 4 of the Dungeon)
  4182 | D:4      | Reached skill level 5 in Fighting
  4307 | D:4      | Found a sand-covered staircase.
  4326 | Ossuary  | Entered an ossuary
  4946 | Ossuary  | Reached XP level 8. HP: 66/67 MP: 8/11
  5936 | D:4      | Found a deep blue altar of Sif Muna.
  6318 | D:4      | Found a white marble altar of Elyvilon.
  7042 | D:5      | Entered Level 5 of the Dungeon
  7055 | D:5      | Noticed MetaCosm's ghost (novice FoFi)
  7095 | D:5      | Noticed Edmund
  7102 | D:5      | Killed Edmund
  7102 | D:5      | Reached skill level 5 in Dodging
  7155 | D:5      | Found Zeygel's Distillery.
  7202 | D:5      | Found an opulent altar of Gozag.
  7208 | D:5      | Became a worshipper of Gozag Ym Sagoz the Greedy
  7252 | D:5      | Found an iron altar of Okawaru.
  7654 | D:5      | Noticed Blork the orc
  8314 | D:5      | Killed Blork the orc
  8528 | D:5      | Found a hazy altar of Hepliaklqana.
  8528 | D:5      | Noticed Prince Ribbit
  8544 | D:5      | Killed Prince Ribbit
  8544 | D:5      | Reached XP level 9. HP: 57/72 MP: 1/14
  9123 | D:6      | Found a shimmering altar of Xom.
  9261 | D:6      | Noticed MetaCosm's ghost (novice FoFi)
  9277 | D:6      | Reached skill level 5 in Spellcasting
  9438 | D:6      | Noticed Duvessa
  9438 | D:6      | Noticed Dowan
  9445 | D:6      | Killed Duvessa
  9455 | D:6      | Killed Dowan
  9960 | D:7      | Noticed Lich's ghost (novice TrFi)
 10180 | D:7      | Found a staircase to the Ecumenical Temple.
 10488 | D:7      | Noticed a four-headed hydra
 10770 | D:7      | Reached skill level 8 in Necromancy
 11032 | D:7      | Noticed Menkaure
 11040 | D:7      | Your ally Lich died
 11157 | D:7      | Your ally died
 11196 | D:6      | You fall through a shaft!
 11274 | D:7      | Noticed a hill giant
 11286 | D:7      | Killed a hill giant
 11286 | D:7      | Reached skill level 9 in Necromancy
 11596 | D:7      | Reached XP level 10. HP: 70/79 MP: 19/19
 12058 | D:7      | Reached skill level 10 in Necromancy
 12266 | D:7      | Found a radiant altar of Vehumet.
 12268 | D:7      | Found an oddly glowing altar of Pakellas.
 12629 | D:8      | Found a hide-covered altar of Uskayaw.
 12764 | D:7      | Bought a glowing lajatang for 435 gold pieces
 13513 | D:8      | Found Gyipibla's Distillery.
 13856 | D:8      | Reached skill level 11 in Necromancy
 14415 | D:7      | Bought a bloodstained hand crossbow for 246 gold pieces
 14415 | D:7      | Identified the +4 hand crossbow of Eternal Vigilance {velocity, rF- rC++ Int+4 Dex+3} (You bought it in a shop on level 7 of the Dungeon)
 15634 | D:9      | Found a snail-covered altar of Cheibriados.
 15965 | D:9      | Found a staircase to the Lair.
 16217 | D:9      | Reached skill level 12 in Necromancy
 16281 | D:9      | Got an encrusted leather armour
 16282 | D:9      | Identified the +2 leather armour of Emad Hie {rPois Str+9} (You found it on level 9 of the Dungeon)
 16377 | D:9      | Reached skill level 1 in Crossbows
 16388 | D:9      | Learned a level 6 spell: Death Channel
 16467 | D:10     | Entered Level 10 of the Dungeon
 16636 | D:10     | Noticed Erolcha
 16725 | Lair:1   | Entered Level 1 of the Lair of Beasts
 16758 | Lair:1   | Noticed Gastronok
 17126 | Lair:1   | Noticed a spiny frog
 17134 | Lair:1   | Killed a spiny frog
 17134 | Lair:1   | Reached XP level 11. HP: 70/84 MP: 7/20
 17707 | Lair:2   | You fall through a shaft!
 17716 | Lair:3   | Found a hole to the Spider Nest.
 17755 | Lair:3   | Noticed a four-headed hydra
 17760 | Lair:3   | Killed a four-headed hydra
 17764 | Lair:3   | Reached skill level 5 in Crossbows
 17768 | Lair:3   | Found a labyrinth entrance.
 17964 | Lair:3   | Noticed a griffon
 18033 | Lair:2   | Killed a griffon
 19101 | Lair:2   | Bought a pair of faintly glowing gloves for 351 gold pieces
 19106 | Lair:2   | Identified the +2 pair of gloves of the Moon {Regen+ Stlth+} (You bought it in a shop on level 2 of the Lair of Beasts)
 19713 | Lair:3   | Reached skill level 1 in Staves
 20322 | Lair:3   | Reached skill level 5 in Staves
 20458 | Lair:3   | Reached XP level 12. HP: 33/91 MP: 21/21
 20601 | Lair:3   | Killed from afar by a lindwurm

Vault maps used:
D:1:      kilobyte_arrival_exit_the_forest, serial_corexii_hall,
          corexii_hall_statues_deadend, corexii_hall_statues_i
D:2:      nicolae_ashenzari_panopticon, gammafunk_temple_overflow_forgotten,
          nemelex_xobeh_ov_fountains_minmay, kennysheep_jessica_study,
          uniq_natasha
D:3:      yredelemnul_forgotten_temple_becter, uniq_sigmund
D:4:      overflow_temple_1_default, lemuel_blue_sif_altar, kennysheep_mini,
          nicolae_ossuary_entry_catacombs, kennysheep_boxes, uniq_robin
D:5:      corexii_shantytown, nicolae_overflow_crystal_walls,
          overflow_temple_1_default, nicolae_gozag_seed_capital, serial_shops,
          shop, first_bread, uniq_edmund, uniq_blork_the_orc,
          uniq_prince_ribbit1, uniq_crazy_yiuf_cottage
D:6:      basic_altar, uniq_duvessa
D:7:      nicolae_overflow_hidden_temple, minmay_temple_entry_nine_rooms,
          grunt_livestock, nrook_mini_vaults, uniq_menkaure
D:8:      overflow_temple_1_default, serial_shops, shop
D:9:      slow_altar_2, due_lair_maze_entry_diamond, enter_bailey_7
D:10:     minmay_orc_entry_guard_dogs, uniq_erolcha
Lair:1:   infiniplex_staircase_pool, grunt_megastairs_4, uniq_gastronok
Lair:2:   st_stairs_6
Lair:3:   gammafunk_lair_enchanted_lake, spider_nest_entry_rubble,
          lab_entry_generic
Lair:4:   elwin_shoals_entry_rooms, enter_volcano_1
Ossuary:  ossuary_minmay_scorpions

Skill      XL: |  1  2  3  4  5  6  7  8  9 10 11 |
---------------+----------------------------------+-----
Necromancy     | 5 6 7 9 12 | 12.0
Fighting       | 3 4 7 |  7.0
Dodging        | 2 6 |  6.1
Spellcasting   | 3 6 |  6.0
Crossbows      | 3 7 |  7.1
Staves         | 5 |  5.3
Stealth        | |  1.5

Action                   |  1- 3 |  4- 6 |  7- 9 | 10-12 || total
-------------------------+-------+-------+-------+-------++-------
Melee: Unarmed           |    13 |     5 |       |       ||    18
       Dagger            |       |    36 |   297 |       ||   333
       Flail             |       |       |   135 |       ||   135
       Staff             |       |       |    33 |    76 ||   109
       Quarterstaff      |       |       |     4 |       ||     4
       Lajatang          |       |       |       |   403 ||   403
 Fire: Hand crossbow     |       |       |       |    34 ||    34
Throw: Stone             |       |     1 |     7 |     2 ||    10
 Cast: Pain              |    69 |   118 |   255 |   273 ||   715
       Control Undead    |       |     2 |    31 |     3 ||    36
       Vampiric Draining |       |       |     5 |    20 ||    25
       Death Channel     |       |       |       |    27 ||    27
Invok: Call Merchant     |       |       |       |     2 ||     2
       Potion Petition   |       |       |       |     1 ||     1
Evoke: Wand              |       |       |     4 |     6 ||    10
  Use: Scroll            |     3 |     2 |    10 |     6 ||    21
 Stab: Sleeping          |       |     1 |    11 |     6 ||    18
       Betrayed ally     |       |       |     2 |       ||     2
       Distracted        |       |       |     1 |     4 ||     5
Armor: Robe              |     6 |    30 |   165 |       ||   201
       Leather armour    |       |       |    21 |   181 ||   202
Dodge: Dodged            |    26 |    33 |   334 |   473 ||   866
Block: Other             |       |       |    24 |    44 ||    68
       Reflection        |       |       |     1 |     2 ||     3
